FSL
WEST PALM BEACH EXPOS @ TAMPA PIRATES
04/23/1982
 
TOP OF THE 1ST
West Palm Beach Expos batting - Pitching for Tampa Pirates : RHP Bill Kelly
Pitching: RHP Bill Kelly
Batting: RHB Roland Oruna 0-0: Bunt for hit to 3S - play at first, batter OUT! 3-4
Batting: RHB Steve Kiefer 0-0: SINGLE (Line Drive, 7S, EV 91.9 MPH)
Batting: SHB Terry Pendleton 0-0: Ball
Steve Kiefer steals 2nd base
1-0: Called Strike
Steve Kiefer is caught stealing 3rd base 2-5
1-1: DOUBLE (Flyball, 8RXD, EV 97.5 MPH)
Batting: SHB Mark Pirruccello 0-0: Ball
1-0: DOUBLE (Flyball, 78D, EV 100.0 MPH)
Terry Pendleton scores
Batting: RHB Don Berti 0-0: Called Strike
0-1: Swinging Strike
0-2: Fly out, F9 (Line Drive, 9, EV 87.5 MPH)
Top of the 1st over - 1 run, 3 hits, 0 errors, 1 left on base; West Palm Beach 1 - Tampa 0
BOTTOM OF THE 1ST
Tampa Pirates batting - Pitching for West Palm Beach Expos : RHP Domingo Valdez
Pitching: RHP Domingo Valdez
Batting: RHB Charles Jennings 0-0: Ball
1-0: Ball
2-0: Swinging Strike
2-1: Foul Ball, location: 2F
2-2: Foul Ball, location: 2F
2-2: Strikes out swinging
Batting: RHB Ricky Jones 0-0: Ball
1-0: Called Strike
1-1: Ball
2-1: Ball
3-1: Fly out, F8 (Line Drive, 8LM, EV 87.5 MPH)
Batting: LHB Pedro Nunez 0-0: Ball
1-0: Swinging Strike
1-1: DOUBLE (Line Drive, 89D, EV 111.3 MPH)
Batting: RHB Roy Wolfe 0-0: Ball
1-0: Foul Ball, location: 2F
1-1: Ball
2-1: Ball
3-1: Fly out, F8 (Flyball, 8RS, EV 89.4 MPH)
Bottom of the 1st over - 0 runs, 1 hit, 0 errors, 1 left on base; West Palm Beach 1 - Tampa 0
TOP OF THE 2ND
West Palm Beach Expos batting - Pitching for Tampa Pirates : RHP Bill Kelly
Batting: LHB Jesus Alfes 0-0: Ball
1-0: Ball
2-0: Called Strike
2-1: Ground out U3 (Groundball, 3S, EV 64.4 MPH)
Batting: LHB Keith Hughes 0-0: Ball
1-0: SINGLE (Flyball, 8LS, EV 94.4 MPH)
Batting: RHB Matthew Gundelfinger 0-0: Called Strike
Keith Hughes is caught stealing 2nd base 2-4
0-1: Fly out, F2 (Popup, 25F, EV 87.5 MPH)
Top of the 2nd over - 0 runs, 1 hit, 0 errors, 0 left on base; West Palm Beach 1 - Tampa 0
BOTTOM OF THE 2ND
Tampa Pirates batting - Pitching for West Palm Beach Expos : RHP Domingo Valdez
Batting: LHB David Frederick 0-0: Swinging Strike
0-1: Ball
1-1: Swinging Strike
1-2: Ground out 4-3 (Groundball, 4, EV 79.4 MPH)
Batting: LHB John Westmoreland 0-0: Foul Ball, location: 2F
0-1: Swinging Strike
0-2: Ball
1-2: Ball
2-2: Foul Ball, location: 2F
2-2: Ground out 6-3 (Groundball, 6S, EV 87.5 MPH)
Batting: RHB Erwin Bryant 0-0: Ball
1-0: Called Strike
1-1: Ball
2-1: DOUBLE (Flyball, 78D, EV 97.5 MPH)
Batting: LHB Alfredo Rodriguez 0-0: Ball
1-0: Ball
2-0: Called Strike
2-1: Swinging Strike
2-2: Strikes out swinging
Bottom of the 2nd over - 0 runs, 1 hit, 0 errors, 1 left on base; West Palm Beach 1 - Tampa 0
TOP OF THE 3RD
West Palm Beach Expos batting - Pitching for Tampa Pirates : RHP Bill Kelly
Batting: RHB Humberto Cardenas 0-0: Foul Ball, location: 2F
0-1: Ball
1-1: Ball
2-1: SINGLE (Groundball, 6MD, EV 108.8 MPH)
Batting: RHB Roland Oruna 0-0: Grounds into double play, 4-6-3 (Groundball, 4, EV 100.0 MPH)
Batting: RHB Steve Kiefer 0-0: Ball
1-0: SINGLE (Flyball, 5D, EV 100.6 MPH)
Batting: SHB Terry Pendleton 0-0: Swinging Strike
0-1: SINGLE (Line Drive, 6MD, EV 102.5 MPH)
Steve Kiefer to second
Batting: SHB Mark Pirruccello 0-0: Swinging Strike
0-1: Foul Ball, location: 2F
0-2: Ball
1-2: Foul Ball, location: 2F
1-2: Fly out, F7 (Flyball, 7LM, EV 100.6 MPH)
Top of the 3rd over - 0 runs, 3 hits, 0 errors, 2 left on base; West Palm Beach 1 - Tampa 0
BOTTOM OF THE 3RD
Tampa Pirates batting - Pitching for West Palm Beach Expos : RHP Domingo Valdez
Batting: RHB Roy Dixon 0-0: Called Strike
0-1: Ball
1-1: Swinging Strike
1-2: Foul Ball, location: 2F
1-2: Ball
2-2: Ball
3-2: Base on Balls
Batting: RHB Charles Jennings 0-0: Ball
1-0: Called Strike
1-1: Called Strike
1-2: Fly out, F8 (Flyball, 8RD, EV 90.0 MPH)
Batting: RHB Ricky Jones 0-0: Grounds into double play, 5-4-3 (Groundball, 56, EV 91.3 MPH)
Bottom of the 3rd over - 0 runs, 0 hits, 0 errors, 0 left on base; West Palm Beach 1 - Tampa 0
TOP OF THE 4TH
West Palm Beach Expos batting - Pitching for Tampa Pirates : RHP Bill Kelly
Batting: RHB Don Berti 0-0: DOUBLE (Flyball, 89D, EV 100.0 MPH)
Batting: LHB Jesus Alfes 0-0: Called Strike
0-1: Foul Ball, location: 2F
0-2: Fly out, F8 (Line Drive, 8LM, EV 101.9 MPH)
Batting: LHB Keith Hughes 0-0: Ball
1-0: Fly out, F6 (Popup, 6D, EV 72.5 MPH)
Batting: RHB Matthew Gundelfinger 0-0: Ball
1-0: Ground out 5-3 (Groundball, 56S, EV 81.3 MPH)
Top of the 4th over - 0 runs, 1 hit, 0 errors, 1 left on base; West Palm Beach 1 - Tampa 0
BOTTOM OF THE 4TH
Tampa Pirates batting - Pitching for West Palm Beach Expos : RHP Domingo Valdez
Batting: LHB Pedro Nunez 0-0: Ball
1-0: Foul Ball, location: 2F
1-1: SINGLE (Groundball, 25, EV 60.6 MPH) (infield hit)
Batting: RHB Roy Wolfe 0-0: Fly out, F4 (Flyball, 3D, EV 82.5 MPH)
Batting: LHB David Frederick 0-0: Ball
1-0: Foul Ball, location: 2F
1-1: Fly out, F7 (Flyball, 7, EV 86.3 MPH)
Batting: LHB John Westmoreland 0-0: Ball
1-0: 2-RUN HOME RUN (Flyball, 9D, EV 88.1 MPH), Distance : 365 ft
Batting: RHB Erwin Bryant 0-0: Called Strike
0-1: Ball
1-1: Ball
2-1: Called Strike
2-2: Ball
3-2: Base on Balls
Batting: LHB Alfredo Rodriguez 0-0: Called Strike
0-1: Ball
1-1: Fielders Choice at 2nd, 6-4 (Groundball, 6, EV 97.5 MPH)
Bottom of the 4th over - 2 runs, 2 hits, 0 errors, 1 left on base; West Palm Beach 1 - Tampa 2
TOP OF THE 5TH
West Palm Beach Expos batting - Pitching for Tampa Pirates : RHP Bill Kelly
Batting: RHB Humberto Cardenas 0-0: Foul Ball, location: 2F
0-1: Ball
1-1: Foul Ball, location: 2F
1-2: SINGLE (Groundball, 56S, EV 75.6 MPH) (infield hit)
Batting: RHB Roland Oruna 0-0: Ball
1-0: Fielders Choice at 2nd, 6-4 (Groundball, 6, EV 88.1 MPH)
Batting: RHB Steve Kiefer 0-0: Foul Ball, location: 2F
0-1: Swinging Strike
0-2: Ball
1-2: Foul Ball, location: 2F
1-2: Ball
2-2: Foul Ball, location: 2F
2-2: Ball
3-2: Strikes out swinging
Roland Oruna steals 2nd base
Batter strikes out.
Batting: SHB Terry Pendleton 0-0: Ball
1-0: SINGLE (Groundball, 6D, EV 96.3 MPH)
Roland Oruna to third
Runner from 3rd tries for Home, SAFE, throw by CF to home
Batting: SHB Mark Pirruccello 0-0: Called Strike
Terry Pendleton steals 2nd base (no throw)
0-1: Called Strike
0-2: Ball
1-2: Ground out 3-1 (Groundball, 34, EV 75.6 MPH)
Top of the 5th over - 1 run, 2 hits, 0 errors, 1 left on base; West Palm Beach 2 - Tampa 2
BOTTOM OF THE 5TH
Tampa Pirates batting - Pitching for West Palm Beach Expos : RHP Domingo Valdez
Batting: RHB Roy Dixon 0-0: Ball
1-0: Ball
2-0: Called Strike
2-1: Foul Ball, location: 2F
2-2: Fly out, F2 (Popup, 23F, EV 82.5 MPH)
Batting: RHB Charles Jennings 0-0: Called Strike
0-1: Foul Ball, location: 2F
0-2: Ball
1-2: SINGLE (Line Drive, 78S, EV 101.3 MPH)
Batting: RHB Ricky Jones 0-0: Swinging Strike
0-1: Ball
Charles Jennings steals 2nd, throwing error, E2
Charles Jennings to third
1-1: Ball
2-1: DOUBLE (Line Drive, 89XD, EV 103.8 MPH)
Charles Jennings scores
Batting: LHB Pedro Nunez 0-0: Ground out 6-3 (Groundball, 6, EV 93.8 MPH)
Ricky Jones to third
Batting: RHB Roy Wolfe 0-0: Ball
1-0: Ball
2-0: Ball
3-0: Base on Balls
Batting: LHB David Frederick 0-0: Ball
Roy Wolfe steals 2nd base
1-0: Called Strike
1-1: Called Strike
1-2: Foul Ball, location: 2F
1-2: SINGLE (Groundball, 56D, EV 106.3 MPH)
Ricky Jones scores
Roy Wolfe to third
Runner from 3rd tries for Home, SAFE, throw by LF to home
Pitching: RHP Larry Freeburg
Batting: LHB John Westmoreland 0-0: Ball
1-0: Fly out, F7 (Flyball, 7LS, EV 83.1 MPH)
Bottom of the 5th over - 3 runs, 3 hits, 1 error, 1 left on base; West Palm Beach 2 - Tampa 5
TOP OF THE 6TH
West Palm Beach Expos batting - Pitching for Tampa Pirates : RHP Bill Kelly
Batting: RHB Don Berti 0-0: Ball
1-0: Foul Ball, location: 2F
1-1: Ball
2-1: Swinging Strike
2-2: Ground out 4-3 (Groundball, 4, EV 85.6 MPH)
Batting: LHB Jesus Alfes 0-0: Foul Ball, location: 2F
0-1: Ball
1-1: Bunt missed!
1-2: Ball
2-2: Ball
3-2: Foul Ball, location: 2F
3-2: Foul Ball, location: 2F
3-2: Fly out, F9 (Flyball, 9D, EV 91.3 MPH)
Batting: LHB Keith Hughes 0-0: SINGLE (Groundball, 6MD, EV 96.9 MPH)
Batting: RHB Matthew Gundelfinger 0-0: Ground out 5-3 (Groundball, 56, EV 81.9 MPH)
Top of the 6th over - 0 runs, 1 hit, 0 errors, 1 left on base; West Palm Beach 2 - Tampa 5
BOTTOM OF THE 6TH
Tampa Pirates batting - Pitching for West Palm Beach Expos : RHP Larry Freeburg
Batting: RHB Erwin Bryant 0-0: Fly out, F5 (Flyball, 5D, EV 78.1 MPH)
Batting: LHB Alfredo Rodriguez 0-0: Called Strike
0-1: Ball
1-1: Swinging Strike
1-2: Strikes out swinging
Batting: RHB Roy Dixon 0-0: Fly out, F9 (Flyball, 9LM, EV 88.1 MPH)
Bottom of the 6th over - 0 runs, 0 hits, 0 errors, 0 left on base; West Palm Beach 2 - Tampa 5
TOP OF THE 7TH
West Palm Beach Expos batting - Pitching for Tampa Pirates : RHP Bill Kelly
Batting: RHB Humberto Cardenas 0-0: Ball
1-0: SINGLE (Groundball, 4S, EV 64.4 MPH) (infield hit)
Batting: RHB Roland Oruna 0-0: Ball
1-0: Swinging Strike
1-1: Foul Ball, location: 2F
1-2: Foul Ball, location: 2F
1-2: Strikes out swinging
Batting: RHB Steve Kiefer 0-0: Ball
1-0: SINGLE (Groundball, 56S, EV 68.8 MPH) (infield hit)
Humberto Cardenas to second
Batting: SHB Terry Pendleton 0-0: Called Strike
0-1: Fly out, F8 (Flyball, 89D, EV 92.5 MPH)
Runner from 2nd tags up, SAFE at 3rd, no throw by CF
Batting: SHB Mark Pirruccello 0-0: Ball
1-0: Fly out, F7 (Flyball, 78D, EV 83.8 MPH)
Top of the 7th over - 0 runs, 2 hits, 0 errors, 2 left on base; West Palm Beach 2 - Tampa 5
BOTTOM OF THE 7TH
Tampa Pirates batting - Pitching for West Palm Beach Expos : RHP Larry Freeburg
Batting: RHB Charles Jennings 0-0: Called Strike
0-1: Ball
1-1: SINGLE (Groundball, 3S, EV 70.0 MPH) (infield hit)
Batting: RHB Ricky Jones 0-0: Ball
Charles Jennings is caught stealing 2nd base 2-4
1-0: Ball
2-0: Fly out, F9 (Flyball, 9LM, EV 88.1 MPH)
Batting: LHB Pedro Nunez 0-0: Fly out, F4 (Flyball, 34D, EV 87.5 MPH)
Bottom of the 7th over - 0 runs, 1 hit, 0 errors, 0 left on base; West Palm Beach 2 - Tampa 5
TOP OF THE 8TH
West Palm Beach Expos batting - Pitching for Tampa Pirates : RHP Bill Kelly
Batting: RHB Don Berti 0-0: Called Strike
0-1: SINGLE (Flyball, 9S, EV 86.3 MPH)
Batting: LHB Jesus Alfes 0-0: Ball
1-0: Ball
2-0: 2-RUN HOME RUN (Flyball, 7D, EV 90.0 MPH), Distance : 389 ft
Batting: LHB Keith Hughes 0-0: Called Strike
0-1: Swinging Strike
0-2: Ball
1-2: Fly out, F6 (Popup, 6S, EV 69.4 MPH)
Batting: RHB Matthew Gundelfinger 0-0: Ball
1-0: Called Strike
1-1: Ball
2-1: Swinging Strike
2-2: Ball
3-2: Ground out 4-3 (Groundball, 34, EV 101.9 MPH)
Batting: RHB Humberto Cardenas 0-0: Ball
1-0: Fly out, F9 (Line Drive, 9, EV 98.8 MPH)
Top of the 8th over - 2 runs, 2 hits, 0 errors, 0 left on base; West Palm Beach 4 - Tampa 5
BOTTOM OF THE 8TH
Tampa Pirates batting - Pitching for West Palm Beach Expos : RHP Larry Freeburg
Batting: RHB Roy Wolfe 0-0: Ball
1-0: Foul Ball, location: 2F
1-1: SOLO HOME RUN (Flyball, 78XD, EV 98.8 MPH), Distance : 427 ft
Batting: LHB David Frederick 0-0: Called Strike
0-1: Swinging Strike
0-2: Ball
1-2: Ball
2-2: Strikes out swinging, 2-3 out at first.
Batting: LHB John Westmoreland 0-0: Ball
1-0: Ball
2-0: Foul Ball, location: 2F
2-1: Ball
3-1: Fly out, F8 (Flyball, 8RS, EV 78.8 MPH)
Batting: RHB Erwin Bryant 0-0: Fly out, F9 (Flyball, 9S, EV 87.5 MPH)
Bottom of the 8th over - 1 run, 1 hit, 0 errors, 0 left on base; West Palm Beach 4 - Tampa 6
TOP OF THE 9TH
West Palm Beach Expos batting - Pitching for Tampa Pirates : RHP Bill Kelly
Pitching: RHP Brian McCaslin
Batting: RHB Roland Oruna 0-0: Fly out, F4 (Popup, 34D, EV 48.1 MPH)
Batting: RHB Steve Kiefer 0-0: Foul Ball, location: 2F
0-1: Ball
1-1: Ball
2-1: Foul Ball, location: 2F
2-2: Strikes out swinging
Batting: SHB Terry Pendleton 0-0: Swinging Strike
0-1: Ball
1-1: Swinging Strike
1-2: Strikes out swinging
Top of the 9th over - 0 runs, 0 hits, 0 errors, 0 left on base; West Palm Beach 4 - Tampa 6
Wednesday, July 22nd, 2020 - OOTP Baseball 21.4 Build 63